%YAML 1.1
%TAG !u! tag:unity3d.com,2011:
--- !u!136 &1506352091790937211
CapsuleCollider:
  m_ObjectHideFlags: 0
  m_CorrespondingSourceObject: {fileID: 0}
  m_PrefabInstance: {fileID: 0}
  m_PrefabAsset: {fileID: 0}
  m_GameObject: {fileID: 7477750171306218862}
  m_Material: {fileID: 0}
  m_IsTrigger: 1
  m_Enabled: 1
  m_Radius: 0.02
  m_Height: 0.02805068
  m_Direction: 1
  m_Center: {x: 0, y: 0, z: 0}
--- !u!114 &1506352091790937188
MonoBehaviour:
  m_ObjectHideFlags: 0
  m_CorrespondingSourceObject: {fileID: 0}
  m_PrefabInstance: {fileID: 0}
  m_PrefabAsset: {fileID: 0}
  m_GameObject: {fileID: 7477750171306218862}
  m_Enabled: 1
  m_EditorHideFlags: 0
  m_Script: {fileID: 11500000, guid: d04b8d1ab30a80648882e2467fda25e7, type: 3}
  m_Name: 
  m_EditorClassIdentifier: 
--- !u!136 &1506352092725482881
CapsuleCollider:
  m_ObjectHideFlags: 0
  m_CorrespondingSourceObject: {fileID: 0}
  m_PrefabInstance: {fileID: 0}
  m_PrefabAsset: {fileID: 0}
  m_GameObject: {fileID: 7477750170363284612}
  m_Material: {fileID: 0}
  m_IsTrigger: 1
  m_Enabled: 1
  m_Radius: 0.02
  m_Height: 0.02805068
  m_Direction: 1
  m_Center: {x: 0, y: 0, z: 0}
--- !u!114 &1506352092725482882
MonoBehaviour:
  m_ObjectHideFlags: 0
  m_CorrespondingSourceObject: {fileID: 0}
  m_PrefabInstance: {fileID: 0}
  m_PrefabAsset: {fileID: 0}
  m_GameObject: {fileID: 7477750170363284612}
  m_Enabled: 1
  m_EditorHideFlags: 0
  m_Script: {fileID: 11500000, guid: d04b8d1ab30a80648882e2467fda25e7, type: 3}
  m_Name: 
  m_EditorClassIdentifier: 
--- !u!1 &1506352092734734272
GameObject:
  m_ObjectHideFlags: 0
  m_CorrespondingSourceObject: {fileID: 0}
  m_PrefabInstance: {fileID: 0}
  m_PrefabAsset: {fileID: 0}
  serializedVersion: 6
  m_Component:
  - component: {fileID: 1506352092734734279}
  m_Layer: 0
  m_Name: WallSlide
  m_TagString: Untagged
  m_Icon: {fileID: 0}
  m_NavMeshLayer: 0
  m_StaticEditorFlags: 0
  m_IsActive: 1
--- !u!4 &1506352092734734279
Transform:
  m_ObjectHideFlags: 0
  m_CorrespondingSourceObject: {fileID: 0}
  m_PrefabInstance: {fileID: 0}
  m_PrefabAsset: {fileID: 0}
  m_GameObject: {fileID: 1506352092734734272}
  m_LocalRotation: {x: 0, y: 0, z: 0, w: 1}
  m_LocalPosition: {x: 0, y: 0, z: 7.5}
  m_LocalScale: {x: 1, y: 1, z: 1}
  m_Children:
  - {fileID: 5880883015760494231}
  - {fileID: 5880883016490544186}
  - {fileID: 5880883014824896381}
  - {fileID: 5880883016366279037}
  m_Father: {fileID: 0}
  m_RootOrder: 0
  m_LocalEulerAnglesHint: {x: 0, y: 0, z: 0}
--- !u!136 &1506352093332136571
CapsuleCollider:
  m_ObjectHideFlags: 0
  m_CorrespondingSourceObject: {fileID: 0}
  m_PrefabInstance: {fileID: 0}
  m_PrefabAsset: {fileID: 0}
  m_GameObject: {fileID: 7477750169760775022}
  m_Material: {fileID: 0}
  m_IsTrigger: 1
  m_Enabled: 1
  m_Radius: 0.02
  m_Height: 0.02805068
  m_Direction: 1
  m_Center: {x: 0, y: 0, z: 0}
--- !u!114 &1506352093332136548
MonoBehaviour:
  m_ObjectHideFlags: 0
  m_CorrespondingSourceObject: {fileID: 0}
  m_PrefabInstance: {fileID: 0}
  m_PrefabAsset: {fileID: 0}
  m_GameObject: {fileID: 7477750169760775022}
  m_Enabled: 1
  m_EditorHideFlags: 0
  m_Script: {fileID: 11500000, guid: d04b8d1ab30a80648882e2467fda25e7, type: 3}
  m_Name: 
  m_EditorClassIdentifier: 
--- !u!136 &1506352093405005604
CapsuleCollider:
  m_ObjectHideFlags: 0
  m_CorrespondingSourceObject: {fileID: 0}
  m_PrefabInstance: {fileID: 0}
  m_PrefabAsset: {fileID: 0}
  m_GameObject: {fileID: 7477750169633365545}
  m_Material: {fileID: 0}
  m_IsTrigger: 1
  m_Enabled: 1
  m_Radius: 0.02
  m_Height: 0.02805068
  m_Direction: 1
  m_Center: {x: 0, y: 0, z: 0}
--- !u!114 &1506352093405005605
MonoBehaviour:
  m_ObjectHideFlags: 0
  m_CorrespondingSourceObject: {fileID: 0}
  m_PrefabInstance: {fileID: 0}
  m_PrefabAsset: {fileID: 0}
  m_GameObject: {fileID: 7477750169633365545}
  m_Enabled: 1
  m_EditorHideFlags: 0
  m_Script: {fileID: 11500000, guid: d04b8d1ab30a80648882e2467fda25e7, type: 3}
  m_Name: 
  m_EditorClassIdentifier: 
--- !u!1001 &1506352091790937191
PrefabInstance:
  m_ObjectHideFlags: 0
  serializedVersion: 2
  m_Modification:
    m_TransformParent: {fileID: 1506352092734734279}
    m_Modifications:
    - target: {fileID: -4216859302048453862, guid: d83679b9d0dd7cb49bf1eadd3c1f3ef6,
        type: 3}
      propertyPath: m_LocalPosition.x
      value: 186.06105
      objectReference: {fileID: 0}
    - target: {fileID: -4216859302048453862, guid: d83679b9d0dd7cb49bf1eadd3c1f3ef6,
        type: 3}
      propertyPath: m_LocalPosition.y
      value: 112.18
      objectReference: {fileID: 0}
    - target: {fileID: -4216859302048453862, guid: d83679b9d0dd7cb49bf1eadd3c1f3ef6,
        type: 3}
      propertyPath: m_LocalPosition.z
      value: 453.06235
      objectReference: {fileID: 0}
    - target: {fileID: -4216859302048453862, guid: d83679b9d0dd7cb49bf1eadd3c1f3ef6,
        type: 3}
      propertyPath: m_LocalRotation.x
      value: -0.7071068
      objectReference: {fileID: 0}
    - target: {fileID: -4216859302048453862, guid: d83679b9d0dd7cb49bf1eadd3c1f3ef6,
        type: 3}
      propertyPath: m_LocalRotation.y
      value: -0
      objectReference: {fileID: 0}
    - target: {fileID: -4216859302048453862, guid: d83679b9d0dd7cb49bf1eadd3c1f3ef6,
        type: 3}
      propertyPath: m_LocalRotation.z
      value: -0
      objectReference: {fileID: 0}
    - target: {fileID: -4216859302048453862, guid: d83679b9d0dd7cb49bf1eadd3c1f3ef6,
        type: 3}
      propertyPath: m_LocalRotation.w
      value: 0.7071067
      objectReference: {fileID: 0}
    - target: {fileID: -4216859302048453862, guid: d83679b9d0dd7cb49bf1eadd3c1f3ef6,
        type: 3}
      propertyPath: m_RootOrder
      value: 2
      objectReference: {fileID: 0}
    - target: {fileID: -4216859302048453862, guid: d83679b9d0dd7cb49bf1eadd3c1f3ef6,
        type: 3}
      propertyPath: m_LocalEulerAnglesHint.x
      value: 0
      objectReference: {fileID: 0}
    - target: {fileID: -4216859302048453862, guid: d83679b9d0dd7cb49bf1eadd3c1f3ef6,
        type: 3}
      propertyPath: m_LocalEulerAnglesHint.y
      value: 0
      objectReference: {fileID: 0}
    - target: {fileID: -4216859302048453862, guid: d83679b9d0dd7cb49bf1eadd3c1f3ef6,
        type: 3}
      propertyPath: m_LocalEulerAnglesHint.z
      value: 0
      objectReference: {fileID: 0}
    - target: {fileID: -1504981713932161579, guid: d83679b9d0dd7cb49bf1eadd3c1f3ef6,
        type: 3}
      propertyPath: m_Materials.Array.data[0]
      value: 
      objectReference: {fileID: 2100000, guid: 16d875bed2ed5eb4b94abe7213473d1a, type: 2}
    - target: {fileID: -927199367670048503, guid: d83679b9d0dd7cb49bf1eadd3c1f3ef6,
        type: 3}
      propertyPath: m_Name
      value: octahedron (11)
      objectReference: {fileID: 0}
    m_RemovedComponents: []
  m_SourcePrefab: {fileID: 100100000, guid: d83679b9d0dd7cb49bf1eadd3c1f3ef6, type: 3}
--- !u!1 &7477750171306218862 stripped
GameObject:
  m_CorrespondingSourceObject: {fileID: -927199367670048503, guid: d83679b9d0dd7cb49bf1eadd3c1f3ef6,
    type: 3}
  m_PrefabInstance: {fileID: 1506352091790937191}
  m_PrefabAsset: {fileID: 0}
--- !u!4 &5880883014824896381 stripped
Transform:
  m_CorrespondingSourceObject: {fileID: -4216859302048453862, guid: d83679b9d0dd7cb49bf1eadd3c1f3ef6,
    type: 3}
  m_PrefabInstance: {fileID: 1506352091790937191}
  m_PrefabAsset: {fileID: 0}
--- !u!1001 &1506352092725482893
PrefabInstance:
  m_ObjectHideFlags: 0
  serializedVersion: 2
  m_Modification:
    m_TransformParent: {fileID: 1506352092734734279}
    m_Modifications:
    - target: {fileID: -4216859302048453862, guid: d83679b9d0dd7cb49bf1eadd3c1f3ef6,
        type: 3}
      propertyPath: m_LocalPosition.x
      value: 186.06105
      objectReference: {fileID: 0}
    - target: {fileID: -4216859302048453862, guid: d83679b9d0dd7cb49bf1eadd3c1f3ef6,
        type: 3}
      propertyPath: m_LocalPosition.y
      value: 110.93
      objectReference: {fileID: 0}
    - target: {fileID: -4216859302048453862, guid: d83679b9d0dd7cb49bf1eadd3c1f3ef6,
        type: 3}
      propertyPath: m_LocalPosition.z
      value: 436.1523
      objectReference: {fileID: 0}
    - target: {fileID: -4216859302048453862, guid: d83679b9d0dd7cb49bf1eadd3c1f3ef6,
        type: 3}
      propertyPath: m_LocalRotation.x
      value: -0.7071068
      objectReference: {fileID: 0}
    - target: {fileID: -4216859302048453862, guid: d83679b9d0dd7cb49bf1eadd3c1f3ef6,
        type: 3}
      propertyPath: m_LocalRotation.y
      value: -0
      objectReference: {fileID: 0}
    - target: {fileID: -4216859302048453862, guid: d83679b9d0dd7cb49bf1eadd3c1f3ef6,
        type: 3}
      propertyPath: m_LocalRotation.z
      value: -0
      objectReference: {fileID: 0}
    - target: {fileID: -4216859302048453862, guid: d83679b9d0dd7cb49bf1eadd3c1f3ef6,
        type: 3}
      propertyPath: m_LocalRotation.w
      value: 0.7071067
      objectReference: {fileID: 0}
    - target: {fileID: -4216859302048453862, guid: d83679b9d0dd7cb49bf1eadd3c1f3ef6,
        type: 3}
      propertyPath: m_RootOrder
      value: 0
      objectReference: {fileID: 0}
    - target: {fileID: -4216859302048453862, guid: d83679b9d0dd7cb49bf1eadd3c1f3ef6,
        type: 3}
      propertyPath: m_LocalEulerAnglesHint.x
      value: 0
      objectReference: {fileID: 0}
    - target: {fileID: -4216859302048453862, guid: d83679b9d0dd7cb49bf1eadd3c1f3ef6,
        type: 3}
      propertyPath: m_LocalEulerAnglesHint.y
      value: 0
      objectReference: {fileID: 0}
    - target: {fileID: -4216859302048453862, guid: d83679b9d0dd7cb49bf1eadd3c1f3ef6,
        type: 3}
      propertyPath: m_LocalEulerAnglesHint.z
      value: 0
      objectReference: {fileID: 0}
    - target: {fileID: -1504981713932161579, guid: d83679b9d0dd7cb49bf1eadd3c1f3ef6,
        type: 3}
      propertyPath: m_Materials.Array.data[0]
      value: 
      objectReference: {fileID: 2100000, guid: 16d875bed2ed5eb4b94abe7213473d1a, type: 2}
    - target: {fileID: -927199367670048503, guid: d83679b9d0dd7cb49bf1eadd3c1f3ef6,
        type: 3}
      propertyPath: m_Name
      value: octahedron (9)
      objectReference: {fileID: 0}
    m_RemovedComponents: []
  m_SourcePrefab: {fileID: 100100000, guid: d83679b9d0dd7cb49bf1eadd3c1f3ef6, type: 3}
--- !u!1 &7477750170363284612 stripped
GameObject:
  m_CorrespondingSourceObject: {fileID: -927199367670048503, guid: d83679b9d0dd7cb49bf1eadd3c1f3ef6,
    type: 3}
  m_PrefabInstance: {fileID: 1506352092725482893}
  m_PrefabAsset: {fileID: 0}
--- !u!4 &5880883015760494231 stripped
Transform:
  m_CorrespondingSourceObject: {fileID: -4216859302048453862, guid: d83679b9d0dd7cb49bf1eadd3c1f3ef6,
    type: 3}
  m_PrefabInstance: {fileID: 1506352092725482893}
  m_PrefabAsset: {fileID: 0}
--- !u!1001 &1506352093332136551
PrefabInstance:
  m_ObjectHideFlags: 0
  serializedVersion: 2
  m_Modification:
    m_TransformParent: {fileID: 1506352092734734279}
    m_Modifications:
    - target: {fileID: -4216859302048453862, guid: d83679b9d0dd7cb49bf1eadd3c1f3ef6,
        type: 3}
      propertyPath: m_LocalPosition.x
      value: 186.06105
      objectReference: {fileID: 0}
    - target: {fileID: -4216859302048453862, guid: d83679b9d0dd7cb49bf1eadd3c1f3ef6,
        type: 3}
      propertyPath: m_LocalPosition.y
      value: 109.68
      objectReference: {fileID: 0}
    - target: {fileID: -4216859302048453862, guid: d83679b9d0dd7cb49bf1eadd3c1f3ef6,
        type: 3}
      propertyPath: m_LocalPosition.z
      value: 462.66232
      objectReference: {fileID: 0}
    - target: {fileID: -4216859302048453862, guid: d83679b9d0dd7cb49bf1eadd3c1f3ef6,
        type: 3}
      propertyPath: m_LocalRotation.x
      value: -0.7071068
      objectReference: {fileID: 0}
    - target: {fileID: -4216859302048453862, guid: d83679b9d0dd7cb49bf1eadd3c1f3ef6,
        type: 3}
      propertyPath: m_LocalRotation.y
      value: -0
      objectReference: {fileID: 0}
    - target: {fileID: -4216859302048453862, guid: d83679b9d0dd7cb49bf1eadd3c1f3ef6,
        type: 3}
      propertyPath: m_LocalRotation.z
      value: -0
      objectReference: {fileID: 0}
    - target: {fileID: -4216859302048453862, guid: d83679b9d0dd7cb49bf1eadd3c1f3ef6,
        type: 3}
      propertyPath: m_LocalRotation.w
      value: 0.7071067
      objectReference: {fileID: 0}
    - target: {fileID: -4216859302048453862, guid: d83679b9d0dd7cb49bf1eadd3c1f3ef6,
        type: 3}
      propertyPath: m_RootOrder
      value: 3
      objectReference: {fileID: 0}
    - target: {fileID: -4216859302048453862, guid: d83679b9d0dd7cb49bf1eadd3c1f3ef6,
        type: 3}
      propertyPath: m_LocalEulerAnglesHint.x
      value: 0
      objectReference: {fileID: 0}
    - target: {fileID: -4216859302048453862, guid: d83679b9d0dd7cb49bf1eadd3c1f3ef6,
        type: 3}
      propertyPath: m_LocalEulerAnglesHint.y
      value: 0
      objectReference: {fileID: 0}
    - target: {fileID: -4216859302048453862, guid: d83679b9d0dd7cb49bf1eadd3c1f3ef6,
        type: 3}
      propertyPath: m_LocalEulerAnglesHint.z
      value: 0
      objectReference: {fileID: 0}
    - target: {fileID: -1504981713932161579, guid: d83679b9d0dd7cb49bf1eadd3c1f3ef6,
        type: 3}
      propertyPath: m_Materials.Array.data[0]
      value: 
      objectReference: {fileID: 2100000, guid: 16d875bed2ed5eb4b94abe7213473d1a, type: 2}
    - target: {fileID: -927199367670048503, guid: d83679b9d0dd7cb49bf1eadd3c1f3ef6,
        type: 3}
      propertyPath: m_Name
      value: octahedron (12)
      objectReference: {fileID: 0}
    m_RemovedComponents: []
  m_SourcePrefab: {fileID: 100100000, guid: d83679b9d0dd7cb49bf1eadd3c1f3ef6, type: 3}
--- !u!1 &7477750169760775022 stripped
GameObject:
  m_CorrespondingSourceObject: {fileID: -927199367670048503, guid: d83679b9d0dd7cb49bf1eadd3c1f3ef6,
    type: 3}
  m_PrefabInstance: {fileID: 1506352093332136551}
  m_PrefabAsset: {fileID: 0}
--- !u!4 &5880883016366279037 stripped
Transform:
  m_CorrespondingSourceObject: {fileID: -4216859302048453862, guid: d83679b9d0dd7cb49bf1eadd3c1f3ef6,
    type: 3}
  m_PrefabInstance: {fileID: 1506352093332136551}
  m_PrefabAsset: {fileID: 0}
--- !u!1001 &1506352093405005600
PrefabInstance:
  m_ObjectHideFlags: 0
  serializedVersion: 2
  m_Modification:
    m_TransformParent: {fileID: 1506352092734734279}
    m_Modifications:
    - target: {fileID: -4216859302048453862, guid: d83679b9d0dd7cb49bf1eadd3c1f3ef6,
        type: 3}
      propertyPath: m_LocalPosition.x
      value: 186.06105
      objectReference: {fileID: 0}
    - target: {fileID: -4216859302048453862, guid: d83679b9d0dd7cb49bf1eadd3c1f3ef6,
        type: 3}
      propertyPath: m_LocalPosition.y
      value: 112.78
      objectReference: {fileID: 0}
    - target: {fileID: -4216859302048453862, guid: d83679b9d0dd7cb49bf1eadd3c1f3ef6,
        type: 3}
      propertyPath: m_LocalPosition.z
      value: 443.06235
      objectReference: {fileID: 0}
    - target: {fileID: -4216859302048453862, guid: d83679b9d0dd7cb49bf1eadd3c1f3ef6,
        type: 3}
      propertyPath: m_LocalRotation.x
      value: -0.7071068
      objectReference: {fileID: 0}
    - target: {fileID: -4216859302048453862, guid: d83679b9d0dd7cb49bf1eadd3c1f3ef6,
        type: 3}
      propertyPath: m_LocalRotation.y
      value: -0
      objectReference: {fileID: 0}
    - target: {fileID: -4216859302048453862, guid: d83679b9d0dd7cb49bf1eadd3c1f3ef6,
        type: 3}
      propertyPath: m_LocalRotation.z
      value: -0
      objectReference: {fileID: 0}
    - target: {fileID: -4216859302048453862, guid: d83679b9d0dd7cb49bf1eadd3c1f3ef6,
        type: 3}
      propertyPath: m_LocalRotation.w
      value: 0.7071067
      objectReference: {fileID: 0}
    - target: {fileID: -4216859302048453862, guid: d83679b9d0dd7cb49bf1eadd3c1f3ef6,
        type: 3}
      propertyPath: m_RootOrder
      value: 1
      objectReference: {fileID: 0}
    - target: {fileID: -4216859302048453862, guid: d83679b9d0dd7cb49bf1eadd3c1f3ef6,
        type: 3}
      propertyPath: m_LocalEulerAnglesHint.x
      value: 0
      objectReference: {fileID: 0}
    - target: {fileID: -4216859302048453862, guid: d83679b9d0dd7cb49bf1eadd3c1f3ef6,
        type: 3}
      propertyPath: m_LocalEulerAnglesHint.y
      value: 0
      objectReference: {fileID: 0}
    - target: {fileID: -4216859302048453862, guid: d83679b9d0dd7cb49bf1eadd3c1f3ef6,
        type: 3}
      propertyPath: m_LocalEulerAnglesHint.z
      value: 0
      objectReference: {fileID: 0}
    - target: {fileID: -1504981713932161579, guid: d83679b9d0dd7cb49bf1eadd3c1f3ef6,
        type: 3}
      propertyPath: m_Materials.Array.data[0]
      value: 
      objectReference: {fileID: 2100000, guid: 16d875bed2ed5eb4b94abe7213473d1a, type: 2}
    - target: {fileID: -927199367670048503, guid: d83679b9d0dd7cb49bf1eadd3c1f3ef6,
        type: 3}
      propertyPath: m_Name
      value: octahedron (10)
      objectReference: {fileID: 0}
    m_RemovedComponents: []
  m_SourcePrefab: {fileID: 100100000, guid: d83679b9d0dd7cb49bf1eadd3c1f3ef6, type: 3}
--- !u!1 &7477750169633365545 stripped
GameObject:
  m_CorrespondingSourceObject: {fileID: -927199367670048503, guid: d83679b9d0dd7cb49bf1eadd3c1f3ef6,
    type: 3}
  m_PrefabInstance: {fileID: 1506352093405005600}
  m_PrefabAsset: {fileID: 0}
--- !u!4 &5880883016490544186 stripped
Transform:
  m_CorrespondingSourceObject: {fileID: -4216859302048453862, guid: d83679b9d0dd7cb49bf1eadd3c1f3ef6,
    type: 3}
  m_PrefabInstance: {fileID: 1506352093405005600}
  m_PrefabAsset: {fileID: 0}
